 Dungeon Crawl Stone Soup version 0.31.0-10-gcf4a605ca0 (webtiles) character file.

Game seed: 14688458698326364816

9 tsouns the Trooper (level 2, -1/24 HPs)
             Began as a Human Wanderer on Jan 26, 2024.
             Slain by a ball python (2 damage)
             ... on level 1 of the Dungeon.
             The game lasted 00:00:45 (218 turns).

tsouns the Trooper (Human Wanderer)                  Turns: 218, Time: 00:00:45

Health: -1/24      AC:  2    Str: 11    XL:     2   Next: 16%
Magic:  3/3        EV: 11    Int: 11    God:
Gold:   0          SH:  0    Dex: 14    Spells: 2/3 levels left

rFire   . . .        a - +3 dagger
rCold   . . .        (no shield)
rNeg    . . .        d - +0 robe
rPois   .            (no helmet)
rElec   .            (no cloak)
rCorr   .            (no gloves)
SInv    .            (no boots)
Will    .....        (no amulet)
Stlth   ++           (no ring)
HPRegen 0.24/turn    (no ring)
MPRegen 0.08/turn

%: no passive effects
@: no status effects
A: explore regen
a: no special abilities


You were on level 1 of the Dungeon.
You visited 1 branch of the dungeon, and saw 1 of its levels.

Inventory:

Hand Weapons
 a - a +3 dagger (weapon)
Armour
 d - a +0 robe (worn)
Scrolls
 c - a scroll of summoning
Potions
 b - a potion of brilliance


   Skills:
 + Level 3.2 Fighting
 + Level 0.8 Short Blades
 - Level 1.0 Dodging
 - Level 2.0 Stealth
 - Level 1.0 Spellcasting
 + Level 2.2 Summonings
 - Level 1.0 Invocations


You had 2 spell levels left.
You knew the following spells:

 Your Spells              Type           Power      Damage    Failure   Level
a - Summon Small Mammal   Summ           20%        N/A       13%         1

Your spell library contained the following spells:

 Spells                   Type           Power      Damage    Failure   Level
 Summon Ice Beast         Ice/Summ       3%         N/A       52%         3


Dungeon Overview and Level Annotations

Branches:
Dungeon (1/15)

Altars:


Innate Abilities, Weirdness & Mutations

You regain HP and MP as you explore.


Message History

You hit the gnoll but do no damage. The gnoll closely misses you.
The rat bites you.
You hit the gnoll but do no damage. The bat hits you.
The gnoll closely misses you. The rat bites you but does no damage.
You hit the gnoll.
The gnoll is lightly wounded.
The bat hits you but does no damage. The bat barely misses you.
The gnoll hits you with a +0 club. The rat bites you but does no damage.
You closely miss the gnoll.
The gnoll is lightly wounded.
The bat barely misses you. The gnoll hits you with a +0 club.
The rat bites you.
* * * LOW HITPOINT WARNING * * *
The bat hits you but does no damage.
You are too injured to fight recklessly!
You are too injured to fight recklessly!
You are too injured to fight recklessly!
You are too injured to fight recklessly!
You are too injured to fight recklessly!
You are too injured to fight recklessly!
You are too injured to fight recklessly!
You are too injured to fight recklessly!
You are too injured to fight recklessly!
You are too injured to fight recklessly!
You are too injured to fight recklessly!
Unknown command.
The bat hits you but does no damage. The bat closely misses you.
The gnoll attacks as it pursues you! The gnoll closely misses you.
The bat closely misses you.
You hit the bat but do no damage. The bat barely misses you.
The bat misses you. The endoplasm closely misses you.
The gnoll hits you with a +0 club.
* * * LOW HITPOINT WARNING * * *
The bat hits you.
* * * LOW HITPOINT WARNING * * *
You hit the bat.
You kill the bat!
The ball python bites you.
You die...

##..#...#...# #
#...........#.
#.#.............
..............#
#
#...#......##.#
#...#..........
#....rJ........
##.#.#S#g......
#....@....##.#
#...#†#.......
#.#.#.........
#.#..##.......
#..#...#...##.#
#..#.#.....##.##
#........>......
#...............
##.#####...#.##.


You could see a gnoll, an endoplasm, a ball python and a rat.

Vanquished Creatures
  A dart slug (D:1)
  A ball python (D:1)
  An endoplasm (D:1)
  A goblin (D:1)
  A hobgoblin (D:1)
  A quokka (D:1)
  A bat (D:1)
7 creatures vanquished.

Notes
Turn   | Place    | Note
-------+----------+-------------------------------------------
     0 | D:1      | tsouns the Human Wanderer began the quest for the Orb.
     0 | D:1      | tsouns set off with the following items: a +3 dagger, a
                  | potion of brilliance, a scroll of summoning, a +0 robe; and
                  | the following spell memorised: Summon Small Mammal; and the
                  | following spells available to memorise: Summon Ice Beast.
     0 | D:1      | Reached XP level 1. HP: 18/18 MP: 2/2
   134 | D:1      | Reached XP level 2. HP: 15/24 MP: 3/3
   217 | D:1      | HP: 1/24 [bat (1)]
   218 | D:1      | Slain by a ball python

Illustrated notes

Levels and vault maps discovered:
D:1:      sevenhm_arrival_forest_fort_small_3, layout_basic,
          chequers_ecumenical_altar_lobes, minmay_misc_feat_cross

Action                     || total
---------------------------++-------
  Melee: Dagger            ||    24
 Armour: Robe              ||    23
  Dodge: Dodged            ||    17
